 Dungeon Crawl Stone Soup version 0.28-a0-687-gb91baff9cc (webtiles) character file.

Game seed: 4260492746413641946

2 spiderkeys the Skirmisher (level 1, -1/11 HPs)
             Began as a Vine Stalker Abyssal Knight on Oct 19, 2021.
             Was a Follower of Lugonu.
             Slain by a jackal (3 damage)
             ... on level 1 of the Dungeon.
             The game lasted 00:01:15 (147 turns).

spiderkeys the Skirmisher (VSAK)                     Turns: 147, Time: 00:01:16

Health: -1/11      AC:  3    Str: 15    XL:     1   Next: 40%
Magic:  0/3        EV: 11    Int: 10    God:    Lugonu [*.....]
Gold:   25         SH:  0    Dex: 14    Spells: 0/0 levels left

rFire   . . .      SeeInvis .   a - +1 short sword
rCold   . . .      Faith    .   (no shield)
rNeg    . . .      Spirit   +   b - +0 leather armour
rPois   .          Reflect  .   (no helmet)
rElec   .          Harm     .   (no cloak)
rCorr   .          Rampage  .   (no gloves)
Will    .....                   (no boots)
Stlth   +.........              (no amulet)
HPRegen 0.03/turn               (no ring)
MPRegen 0.08/turn               (no ring)

@: no status effects
A: fangs 2, magic shield, antimagic bite, no potion heal 2
a: Renounce Religion, Depart the Abyss


You were on level 1 of the Dungeon.
You worshipped Lugonu.
Lugonu was aware of your devotion.
You visited 1 branch of the dungeon, and saw 1 of its levels.
You visited the Abyss 1 time.

You collected 25 gold pieces.


Innate Abilities, Weirdness & Mutations

You have extremely sharp teeth.
When hurt, damage is shared between your health and your magic reserves.
Your bite disrupts and absorbs the magic of your enemies.
Potions cannot restore your health.


   Skills:
 + Level 2.7 Fighting
 + Level 1.8 Short Blades
 - Level 1.5 Armour
 + Level 0.8 Dodging
 + Level 1.8 Invocations


You couldn't memorise any spells.
You didn't know any spells.
Your spell library contained the following spells:

 Spells                   Type           Power      Damage    Failure   Level
 Tukima's Dance           Hex            0%         N/A       80%         3
 Passage of Golubria      Tloc           0%         N/A       99%         4
 Yara's Violent Unravell  Hex/Tmut       0%         3d3       100%        5

Inventory:

Hand Weapons
 a - a +1 short sword (weapon)
Missiles
 d - 20 sling bullets
Armour
 b - a +0 leather armour (worn)
Wands
 e - a wand of iceblast (5)
   (You found it on level 4 of the Abyss)

Dungeon Overview and Level Annotations

Branches:
Dungeon (1/15)

Altars:

#.≈...≈≈≈≈≈....##
#.≈.............#
#.≈.....≈.......#
#.≈≈≈≈≈≈≈.......#
#..........#.#..#
######.#.#)#.# .#
. #.#...#.# ...
#.###.#.#.....
#.@)(h[...
#.h..#.#..
###....# #.### ..
... #.. ###


You could see 2 jackals.


Message History

You plunge deeper into the Abyss.
The abyssal rune of Zot can be found at this depth.
Found a gateway leading deeper into the Abyss.
You see here a +0 long sword.
c - a scroll labelled EFAEGUE USUWN You pick up Great Wizards, Vol.
VII and begin reading...
You add the spells Tukima's Dance, Passage of Golubria and Yara's Violent Unravelling to your library.
There is a gateway leading deeper into the Abyss here.
d - 20 sling bullets
There is a gateway leading deeper into the Abyss here.
You plunge deeper into the Abyss.
The abyssal rune of Zot can be found at this depth.
e - a wand of iceblast (5)
Found a gateway leading deeper into the Abyss.
You now have 25 gold pieces.
As you read the scroll labelled EFAEGUE USUWN, it crumbles to dust.
The air around you briefly surges with heat, but it dissipates.
It was a scroll of immolation.
Okay, then.
You pass through the gate.
You can no longer depart the Abyss at will.
Found an escape hatch in the floor.
There is a staircase leading out of the dungeon here. 😎 MP[-1]
You lost 1 mp, and now have 2/3 mp.
You enter the shallow water.
Moving in this stuff is going to be slow.
A kobold comes into view. It is wielding a +0 dagger. 😎 MP[+1]
Your mp is fully restored (3).
The kobold shouts!
You hear a bark!
You hit the kobold but do no damage. You bite the kobold. You drain its power.
The kobold barely misses you.
You closely miss the kobold. You bite the kobold, but do no damage.
The kobold hits you with a +0 dagger. 😕 HP[-2]
You take 2 damage, and now have 9/11 hp.
You hit the kobold but do no damage. The kobold hits you but does no damage.
You hit the kobold but do no damage. You bite the kobold, but do no damage.
The kobold hits you with a +0 dagger. 😮 HP[-1] MP[-1]
You take 1 damage, and now have 8/11 hp.
You lost 1 mp, and now have 2/3 mp.
You are too injured to fight recklessly!
You are too injured to fight recklessly!
You miss the kobold. Your bite misses the kobold. The kobold barely misses you.
You closely miss the kobold. You bite the kobold. You drain its power.
You feel invigorated.
The kobold hits you with a +0 dagger. 😮 HP[-2]
You take 2 damage, and now have 6/11 hp.
You closely miss the kobold.
The kobold hits you with a +0 dagger. 😮 MP[-1]
You lost 1 mp, and now have 1/3 mp.
You hit the kobold but do no damage. Your bite misses the kobold.
A bat comes into view.
The kobold hits you with a +0 dagger.
* * * LOW HITPOINT WARNING * * *
The bat moves out of view. 😨 HP[-2]
You take 2 damage, and now have 4/11 hp.
You hit the kobold.
You kill the kobold!
Lugonu accepts your kill. 😨 HP[+1]
Things that are here:
a +0 dagger; a kobold corpse A bat is nearby!
A bat is nearby!
A bat is nearby!
A jackal comes into view. x2
The jackal barks!
You hear a bark!
The jackal barks! 😨 MP[+1]
You hit the bat.
You kill the bat!
Lugonu accepts your kill. The jackal bites you.
* * * LOW HITPOINT WARNING * * *
😨 HP[-2] MP[-1]
You take 2 damage, and now have 3/11 hp.
You lost 1 mp, and now have 1/3 mp.
You closely miss the jackal. You bite the jackal. You drain its power.
You feel invigorated. The jackal barely misses you.
A jackal comes into view.
The jackal bites you but does no damage. 😨 MP[+1]
You miss the jackal.
The jackal bites you but does no damage.
You barely miss the jackal. The jackal bites you.
* * * LOW HITPOINT WARNING * * *
The jackal closely misses you.
The jackal bites you but does no damage. 😱 HP[-1] MP[-2]
You take 1 damage, and now have 2/11 hp.
You lost 2 mp, and now have 0/3 mp.
You hit the jackal. You bite the jackal.
You kill the jackal!
Lugonu accepts your kill.
You can now depart the Abyss.
The jackal bites you.
You die...

Action                   || total
-------------------------++-------
Melee: Short sword       ||    14
       Bite              ||     6
Invok: Depart the Abyss  ||     1
  Use: Scroll            ||     1
Armor: Leather armour    ||     4
Dodge: Dodged            ||     4

Levels and vault maps discovered:
D:1:      ebering_trefoil_twist, layout_loops_ring,
          dilly_ecumenical_altar_fadedgnrine

Notes
Turn   | Place    | Note
-------+----------+-------------------------------------------
     0 | Abyss:1  | spiderkeys the Vine Stalker Abyssal Knight began the quest
                  | for the Orb.
     0 | Abyss:1  | Reached XP level 1. HP: 11/11 MP: 3/3
     0 | Abyss:1  | magus.rc [v1.9.10]
    41 | Abyss:2  | Noticed a spatial vortex
    74 | Abyss:3  | You add the spells Tukima's Dance, Passage of Golubria and
                  | Yara's Violent Unravelling to your library.
    96 | Abyss:4  | Noticed a tentacled starspawn
   101 | Abyss:4  | Noticed a large abomination
   101 | Abyss:4  | Noticed an efreet
   107 | D:1      | You pass through the gate.
   107 | D:1      | Escaped the Abyss
   146 | D:1      | HP: 2/11 [jackal (1)]
   147 | D:1      | Reached * piety under Lugonu
   147 | D:1      | Slain by a jackal

Vanquished Creatures
  A bat (D:1)
  A jackal (D:1)
  A kobold (D:1)
3 creatures vanquished.

Table legend:
 A = Non-vault XP
 B = Vault XP
 C = Vault XP percentage of total XP
 D = Non-vault monster count
 E = Vault monster count
 F = Vault count percentage of total count
                 A         B        C        D         E       F
            +---------+---------+-------+---------+---------+-------
      Total |       6 |       0 |   0.0 |       3 |       0 |   0.0
            +---------+---------+-------+---------+---------+-------
        D:1 |       6 |       0 |   0.0 |       3 |       0 |   0.0
            +---------+---------+-------+---------+---------+-------

Illustrated notes

Table legend:
 A = Kills in this place as a percentage of kills in entire the game.
 B = Kills by you in this place as a percentage of kills by you in the entire game.
 C = Kills by friends in this place as a percentage of kills by friends in the entire game.
 D = Other kills in this place as a percentage of other kills in the entire game.
 E = Experience gained in this place as a percentage of experience gained in the entire game.
 F = Experience gained in this place divided by the number of levels of this place that you have seen.
                   A       B       C       D       E      F
               +-------+-------+-------+-------+-------+----------------------
         Total | 100.0 | 100.0 |   N/A |   N/A | 100.0 |   1.2
       Dungeon | 100.0 | 100.0 |   N/A |   N/A | 100.0 |   6.0
               +-------+-------+-------+-------+-------+----------------------

Table legend: (Time is in decaauts)
 A = Elapsed time spent in this place.
 B = Non-inter-level travel time spent in this place.
 C = Inter-level travel time spent in this place.
 D = Time resting spent in this place.
 E = Time spent auto-exploring this place.
 F = Levels seen in this place.
 G = Mean time per level.
                   A        B        C        D        E       F      G
               +--------+--------+--------+--------+--------+-----+--------+
         Total |    146 |    146 |      0 |      0 |     18 |   5 |   29.2 |
       Dungeon |     40 |     40 |      0 |      0 |     18 |   1 |   40.0 |
         Abyss |    106 |    106 |      0 |      0 |      0 |   4 |   26.5 |
               +--------+--------+--------+--------+--------+-----+--------+

Top non-repeatable levels by time:
     D:1: 40 daAuts
 Abyss:3: 39 daAuts
 Abyss:1: 28 daAuts
 Abyss:2: 19 daAuts
 Abyss:4: 18 daAuts
